 Dungeon Crawl Stone Soup version 0.26.1-2-gb8aa6d0cf2 (webtiles) character file.

Game seed: 468220902477710876

12254 Groucho the Covert (level 11, -14/47 HPs)
             Began as a Spriggan Enchanter on Feb 16, 2021.
             Was a Priest of Kikubaaqudgha.
             Killed from afar by a rime drake (23 damage)
             ... with a flash freeze
             ... on level 2 of the Lair of Beasts.
             The game lasted 01:10:02 (24717 turns).

Groucho the Covert (Spriggan Enchanter)            Turns: 24717, Time: 01:10:03

Health: -14/47     AC:  5    Str:  6    XL:     11   Next: 60%
Magic:  22/26      EV: 28    Int: 17    God:    Kikubaaqudgha [***...]
Gold:   540        SH:  0    Dex: 18    Spells: 18/30 levels left

rFire    . . .     SeeInvis +   x - +2 dagger (freeze)
rCold    . . .     Faith    .   (shield restricted)
rNeg     . . .     Spirit   .   b - +0 robe
rPois    .         Reflect  .   R - +2 hat
rElec    .         Harm     .   q - +0 cloak
rCorr    .         Rampage  .   (gloves unavailable)
Will     ++...                  (boots unavailable)
Stlth    +++++++...             (no amulet)
HPRegen  0.15/turn              (no ring)
MPRegen  0.20/turn              (no ring)

@: confusing touch, very quick
A: very small, unfitting armour, camouflage 1, see invisible, blink, speed 3,
strong-willed 1
a: Blink, Renounce Religion, Receive Corpses


You were on level 2 of the Lair of Beasts.
You worshipped Kikubaaqudgha.
Kikubaaqudgha was most pleased with you.
You visited 3 branches of the dungeon, and saw 14 of its levels.

You collected 585 gold pieces.
You spent 45 gold pieces at shops.

Inventory:

Hand Weapons
 a - a +1 dagger
 x - a +2 dagger of freezing (weapon)
 J - a +3 short sword of freezing
Missiles
 h - 234 stones
 p - 47 poisoned darts (quivered)
 w - 14 boomerangs
 F - 8 boomerangs of dispersal
Armour
 b - a +0 robe (worn)
 k - a +0 buckler
 q - a +0 cloak (worn)
 y - a +0 robe
 R - a +2 hat (worn)
Jewellery
 G - an uncursed ring of stealth
 P - a cursed ring of attention {unknown}
Wands
 o - a wand of random effects (27)
 r - a wand of acid (6)
 A - a wand of flame (27)
 S - a wand of disintegration (13)
Scrolls
 c - 3 scrolls of amnesia
 e - a scroll of fog
 g - 17 scrolls of identify
 i - 2 scrolls of teleportation
 j - 7 scrolls of remove curse
 s - 2 scrolls of blinking {unknown}
 u - 2 scrolls of enchant weapon {unknown}
 v - a scroll of magic mapping
 z - 2 scrolls of random uselessness {unknown}
 D - a scroll of torment {unknown}
 H - 2 scrolls of noise {unknown}
 I - a scroll of immolation
 K - 2 scrolls of fear {unknown}
 M - a scroll of silence {unknown}
 N - a scroll of vulnerability {unknown}
 O - a scroll of enchant armour {unknown}
Potions
 d - a potion of might
 f - a potion of lignification
 l - 2 potions of brilliance {unknown}
 m - 2 potions of berserk rage {unknown}
 n - 3 potions of ambrosia
 t - 3 potions of heal wounds {unknown}
 B - 3 potions of haste {unknown}
 C - 2 potions of curing {unknown}
 E - 3 potions of cancellation {unknown}
 L - a potion of magic {unknown}
 Q - a potion of attraction {unknown}


   Skills:
 + Level 8.6 Short Blades
 + Level 11.4 Dodging
 + Level 14.1 Stealth
 + Level 10.4 Spellcasting
 + Level 10.7 Hexes


You had 18 spell levels left.
You knew the following spells:

 Your Spells              Type           Power        Failure   Level
a - Corona                Hex            50%          1%          1
b - Ensorcelled Hibernat  Hex/Ice        54%          1%          2
c - Confusing Touch       Hex            45%          1%          3
d - Tukima's Dance        Hex            45%          1%          3
e - Dazzling Flash        Conj/Hex       54%          2%          3

Your spell library contained the following spells:

 Spells                   Type           Power        Failure   Level
 Slow                     Hex            45%          1%          2
 Animate Skeleton         Necr           16%          9%          1
 Magic Dart               Conj           32%          9%          1
 Pain                     Necr           32%          9%          1
 Blink                    Tloc           N/A          12%         2
 Call Imp                 Summ           8%           12%         2
 Sublimation of Blood     Necr           4%           12%         2
 Conjure Flame            Conj/Fire      8%           24%         3
 Mephitic Cloud           Conj/Pois/Air  8%           24%         3
 Vampiric Draining        Necr           4%           24%         3
 Animate Dead             Necr           4%           63%         4
 Dispel Undead            Necr           8%           63%         4
 Agony                    Necr           8%           92%         5
 Borgnjor's Vile Clutch   Necr/Erth      4%           92%         5
 Simulacrum               Ice/Necr       4%           100%        6


Dungeon Overview and Level Annotations

Branches:
Dungeon (11/15)            Temple (1/1) D:6            Lair (2/6) D:10
    Orc (0/2) D:9
  Swamp: Lair:2-4    Shoals: Lair:2-4     Snake: Lair:2-4    Spider: Lair:2-4

Altars:
Ashenzari
Cheibriados
Dithmenos
Elyvilon
Fedhas
Gozag
Hepliaklqana
Kikubaaqudgha
Makhleb
Nemelex Xobeh
Okawaru
Qazlal
Ru
Sif Muna
Trog
Vehumet
Wu Jian
Xom
Yredelemnul
Zin
The Shining One

Shops:
D:8 :   D:9 ?   D:10 *

Annotations:
D:10 3 runed translucent doors, H0rd4k's ghost, journeyman HuAr; grovkorv's ghost, novice DsGl
Lair:1 exclusion: 2 oklob plants


Innate Abilities, Weirdness & Mutations

You are very small and have problems with some larger weapons.
You are too small for most types of armour.
You have supernaturally acute eyesight. (SInv)
You cover ground extremely quickly.
Your skin changes colour to match your surroundings (Stealth+).
You can translocate small distances at will.
You are strong-willed. (Will+)


Message History

The eight-headed hydra closely misses you.
The eight-headed hydra bites you. The eight-headed hydra misses you.
The eight-headed hydra barely misses you.
The eight-headed hydra bites you!
* * * LOW HITPOINT WARNING * * *
The eight-headed hydra completely misses you. x2
You hear an angry hiss.
You blink.
Found a stone staircase leading up.
Casting: Confusing Touch (safe; 1% risk of failure)
Confirm with . or Enter, or press ? or * to list all spells.
Aiming: Ensorcelled Hibernation (safe; 1% risk of failure)
Press: ? - help, Shift-Dir - straight line, f/p - eight-headed hydra
Aim: an eight-headed hydra (chance to confuse on hit: 35%, chance to affect: 23%)
Okay, then.
There is a stone staircase leading up here.
The rime drake breathes ice at you. The flash freeze hits you!!
You die...
Kikubaaqudgha rasps: "You have failed me!
Welcome... death!"

.......... P.....#
.......... #.....
.##..... #.....
###..#..... #....#
###..........
#....###.##D........
#........k..........
#............P......
#..@..........#.....
#...<...#.#...##....
##.####P####.###...#
#.# ### ## ### ##


You could see a rime drake (catching breath).

Vanquished Creatures
  Gastronok (D:10)
  Erica (D:8)
  Pikel (D:8)
  A black mamba (Lair:1)
  Joseph (D:10)
  2 trolls (D:10)
  Prince Ribbit (D:6)
  A hornet (D:9)
  Grinder (D:4)
  Sigmund (D:3)
  A basilisk (Lair:1)
  6 yaks (D:9)
  A soldier ant (D:9)
  A water moccasin (D:8)
  2 ice beasts
  4 orc warriors
  A hornet zombie (D:6)
  5 phantoms
  2 sky beasts
  8 ogres
  4 wolves
  A necrophage (D:8)
  6 centaurs
  A lemure (D:8)
  A big kobold (D:8)
  4 bullfrogs
  A gnoll sergeant (D:9)
  A scorpion (D:5)
  A water moccasin skeleton (D:9)
  5 wights (D:9)
  4 electric eels (D:10)
  10 howler monkeys
  A bullfrog zombie (D:5)
  Crazy Yiuf (D:2)
  3 centaur zombies
  9 hounds
  3 jellies
  3 bullfrog skeletons
  6 orc priests
  5 centaur skeletons
  Terence (D:2)
  12 worker ants
  2 iguanas
  8 orc wizards
  Robin (D:4)
  A worker ant zombie (D:9)
  A howler monkey skeleton (D:2)
  18 adders
  4 white imps
  An ufetubus (D:7)
  An ooze (D:2)
  An adder skeleton (D:7)
  5 dart slugs
  6 leopard geckos
  38 orcs
  2 ball pythons
  5 giant cockroaches
  12 hobgoblins
  6 jackals
  4 quokkas
  A ball python skeleton (D:4)
  3 bats (D:1)
  2 frilled lizards
  A giant cockroach zombie (D:5)
  16 goblins
  A jackal skeleton (D:6)
  13 kobolds
  A leopard gecko skeleton (D:5)
  9 rats
288 creatures vanquished.

Vanquished Creatures (collateral kills)
  Maggie (D:7)
1 creature vanquished.

Vanquished Creatures (others)
  7 fungi (Lair:1)
  6 plants (Lair:1)
  6 withered plants (D:10)
19 creatures vanquished.

Grand Total: 308 creatures vanquished

Notes
Turn   | Place    | Note
-------+----------+-------------------------------------------
     0 | D:1      | Groucho the Spriggan Enchanter began the quest for the Orb.
     0 | D:1      | Reached XP level 1. HP: 9/9 MP: 5/5
  1423 | D:1      | Reached XP level 2. HP: 10/13 MP: 6/6
  1434 | D:1      | Reached skill level 5 in Stealth
  2523 | D:1      | Reached XP level 3. HP: 15/16 MP: 8/8
  3224 | D:2      | Learned a level 2 spell: Ensorcelled Hibernation
  3422 | D:2      | Reached skill level 6 in Stealth
  4086 | D:2      | Learned a level 3 spell: Confusing Touch
  4148 | D:2      | Reached XP level 4. HP: 21/21 MP: 6/10
  4590 | D:2      | Found a glowing silver altar of Zin.
  4616 | D:2      | Noticed Terence
  4645 | D:2      | Killed Terence
  5279 | D:2      | Found a runed translucent door.
  5280 | D:2      | Noticed Crazy Yiuf
  5286 | D:2      | Killed Crazy Yiuf
  5287 | D:2      | Reached skill level 7 in Stealth
  5287 | D:2      | Reached XP level 5. HP: 24/24 MP: 8/11
  5355 | D:3      | Noticed Sigmund
  5365 | D:3      | Killed Sigmund
  5366 | D:3      | Reached skill level 8 in Stealth
  5366 | D:3      | Reached skill level 5 in Hexes
  5366 | D:3      | Reached XP level 6. HP: 18/28 MP: 6/13
  5646 | D:3      | Found a bloodstained altar of Trog.
  5998 | D:3      | Learned a level 3 spell: Tukima's Dance
  6002 | D:3      | Learned a level 3 spell: Dazzling Flash
  6974 | D:3      | Found a faded altar of an unknown god.
  7575 | D:4      | Found a blossoming altar of Fedhas.
  7977 | D:4      | Noticed Grinder
  8530 | D:4      | Noticed Robin
  9171 | D:4      | Reached skill level 5 in Spellcasting
  9171 | D:4      | Reached XP level 7. HP: 19/32 MP: 4/15
  9451 | D:4      | Killed Grinder
  9452 | D:4      | Reached skill level 9 in Stealth
  9879 | D:4      | Killed Robin
 10704 | D:5      | Entered Level 5 of the Dungeon
 10757 | D:5      | Reached skill level 5 in Dodging
 10804 | D:5      | Reached XP level 8. HP: 34/36 MP: 14/17
 11255 | D:5      | Reached skill level 10 in Stealth
 11259 | D:5      | Found a bloodstained altar of Trog.
 11297 | D:5      | Found a shimmering blue altar of Sif Muna.
 11523 | D:6      | Found a sparkling altar of Nemelex Xobeh.
 11606 | D:6      | Noticed Prince Ribbit
 11619 | D:6      | Killed Prince Ribbit
 11736 | D:6      | Found a stormy altar of Qazlal.
 12881 | D:6      | Found a staircase to the Ecumenical Temple.
 12888 | Temple   | Entered the Ecumenical Temple
 13112 | Temple   | Became a worshipper of Kikubaaqudgha
 13184 | D:7      | Noticed Maggie
 13517 | D:7      | Reached XP level 9. HP: 33/39 MP: 20/20
 13842 | D:6      | Gained mutation: You have large cloven feet. [potion of
                  | mutation]
 13842 | D:6      | Gained mutation: Your mind is acute. (Int +2) [potion of
                  | mutation]
 13845 | D:6      | Lost mutation: You have large cloven feet. [potion of
                  | mutation]
 13845 | D:6      | Lost mutation: Your mind is acute. (Int +2) [potion of
                  | mutation]
 13845 | D:6      | Gained mutation: Your skin changes colour to match your
                  | surroundings (Stealth+). [potion of mutation]
 13845 | D:6      | Gained mutation: You can translocate small distances at
                  | will. [potion of mutation]
 13845 | D:6      | Gained mutation: You are strong-willed. (Will+) [potion of
                  | mutation]
 13973 | D:7      | Killed Maggie
 13974 | D:7      | Reached skill level 5 in Short Blades
 13974 | D:7      | Reached skill level 11 in Stealth
 14728 | D:7      | Found a radiant altar of Vehumet.
 15045 | D:7      | You fall into a shaft and drop 2 floors!
 15068 | D:9      | Reached * piety under Kikubaaqudgha
 15068 | D:9      | Identified Kikubaaqudgha's Compendium of Evil
                  | (Kikubaaqudgha gifted it to you on level 9 of the Dungeon)
 15068 | D:9      | Received a gift from Kikubaaqudgha
 16182 | D:8      | Noticed Erica
 16204 | D:8      | Killed Erica
 16205 | D:8      | Reached skill level 12 in Stealth
 16205 | D:8      | Reached XP level 10. HP: 28/44 MP: 5/23
 16568 | D:8      | Noticed Pikel
 16574 | D:8      | Killed Pikel
 16653 | D:8      | Found Dukheace's Book Shoppe.
 18013 | D:9      | Found Lorphit's Magic Scroll Emporium.
 18021 | D:9      | Bought a scroll of immolation for 45 gold pieces
 18169 | D:9      | Reached ** piety under Kikubaaqudgha
 18332 | D:10     | Entered Level 10 of the Dungeon
 18332 | D:10     | Noticed Joseph
 18909 | D:10     | Killed Joseph
 19902 | D:10     | Found a runed translucent gate.
 19904 | D:10     | Found a runed translucent gate.
 19906 | D:10     | Found a runed translucent gate.
 19923 | D:10     | Reached skill level 10 in Dodging
 20029 | D:11     | Noticed a death knight
 20306 | D:10     | Noticed H0rd4k's ghost (journeyman HuAr)
 20306 | D:10     | Noticed grovkorv's ghost (novice DsGl)
 20498 | D:9      | Reached skill level 13 in Stealth
 20577 | D:9      | Found a staircase to the Orcish Mines.
 21077 | D:9      | Reached skill level 10 in Hexes
 21083 | D:9      | Reached XP level 11. HP: 47/47 MP: 13/25
 21443 | D:9      | Found a sacrificial altar of Ru.
 22003 | D:9      | Reached *** piety under Kikubaaqudgha
 22003 | D:9      | Identified Kikubaaqudgha's Incunabulum of Necromancy
                  | (Kikubaaqudgha gifted it to you on level 9 of the Dungeon)
 22003 | D:9      | Received a gift from Kikubaaqudgha
 22551 | D:10     | Reached skill level 10 in Spellcasting
 23245 | D:10     | Found a staircase to the Lair.
 23623 | D:10     | Found an opulent altar of Gozag.
 23627 | D:10     | Found Gozag's Platinum Reserve.
 23666 | D:10     | Noticed Gastronok
 23686 | D:10     | Killed Gastronok
 23687 | D:10     | Reached skill level 14 in Stealth
 24230 | Lair:1   | Entered Level 1 of the Lair of Beasts
 24697 | Lair:1   | Noticed an oklob plant
 24697 | Lair:1   | Noticed an oklob plant
 24700 | Lair:1   | You fall into a shaft and drop 1 floor!
 24701 | Lair:2   | Noticed an eight-headed hydra
 24717 | Lair:2   | Killed from afar by a rime drake

Illustrated notes

Levels and vault maps discovered:
D:1:      dpeg_arrival_refuge, layout_loops_ring, st_stairs_11
D:2:      layout_basic, old_standard_altar, nicolae_overflow_hidden_temple,
          uniq_terence, uniq_crazy_yiuf_cottage
D:3:      layout_loops_ring, serial_rivers, chequers_serial_rivers_micro_b,
          chequers_serial_rivers_small_a, chequers_serial_rivers_micro_a,
          chequers_serial_rivers_large_a, chequers_serial_rivers_small_3,
          chequers_ecumenical_altar_simple_redux, moated_statue,
          trog_three_pillars_becter, uniq_sigmund
D:4:      layout_basic, fountainhead, fedhas_altar_2, uniq_grinder, uniq_robin
D:5:      layout_cave_pools, kennysheep_mini, lightli_temple_of_fire
D:6:      layout_cave_pools, minmay_temple_entry_nine_rooms, basic_altar,
          grunt_qazlal_sundering, uniq_prince_ribbit1
D:7:      layout_rooms, chequers_serial_rivers_small_b, vehumet_altar_wand_db,
          uniq_maggie
D:8:      layout_cave_pods, serial_shops, shop, uniq_pikel, uniq_erica
D:9:      wad_guarded_room, layout_basic, nicolae_ru_awakened_eye, orc_0_dummy,
          serial_shops, shop_fountains
D:10:     layout_basic, erik_lair_island, gammafunk_ghost_cemetery,
          nicolae_gozag_zags_fifth_avenue, uniq_gastronok, uniq_joseph
D:11:     layout_roguey, st_stairs_1, hangedman_ranch [blue_anna_fruit_fields]
Temple:   eino_temple_rhombus
Lair:1:   layout_regular_city, serial_bayou_shore_b, lemuel_fruit_fields,
          grunt_megastairs_1, lemuel_fruit_tree, minmay_lair_oklob_chamber,
          serial_bayou_shore_b
Lair:2:   layout_gridlike, serial_bayou_shore_a

Skill      XL: |  1  2  3  4  5  6  7  8  9 10 11 |
---------------+----------------------------------+-----
Stealth        | 5 6 7 8 9 10 12 13 14 | 14.1
Spellcasting   | 3 4 5 7 8 9 10 | 10.4
Hexes          | 4 5 6 7 8 10 | 10.7
Short Blades   | 2 3 4 6 7 8 |  8.6
Dodging        | 5 6 8 10 11 | 11.4

Action                   |  1- 3 |  4- 6 |  7- 9 | 10-12 || total
-------------------------+-------+-------+-------+-------++-------
Melee: Dagger            |   169 |    96 |   155 |   219 ||   639
Throw: Dart              |       |       |     5 |    11 ||    16
 Cast: Ensorcelled Hiber |     2 |    55 |    76 |   150 ||   283
       Confusing Touch   |     1 |     5 |    13 |    25 ||    44
       Corona            |       |     1 |     1 |       ||     2
       Tukima's Dance    |       |       |     2 |       ||     2
 Abil: Blink             |       |       |       |     4 ||     4
  Use: Scroll            |       |       |     6 |     2 ||     8
       Potion            |       |       |     6 |       ||     6
 Stab: Sleeping          |    15 |    41 |    69 |    92 ||   217
       Confused          |     1 |     4 |    18 |    24 ||    47
       Distracted        |       |     1 |       |     2 ||     3
Armor: Robe              |    14 |     7 |     6 |     7 ||    34
Dodge: Dodged            |   136 |    74 |   105 |   197 ||   512
